 Dungeon Crawl Stone Soup version 0.14-a0-3315-g09e681a (webtiles) character file.

1097 Psiweapon the Conjurer (level 7, -2/36 HPs)
             Began as a Tengu Conjurer on Mar 15, 2014.
             Slain by an ice beast (13 damage)
             ... on Level 5 of the Dungeon.
             The game lasted 00:22:20 (4221 turns).

Psiweapon the Conjurer (Tengu Conjurer)             Turns: 4221, Time: 00:22:20

HP  -2/36        AC  3     Str  8      XL: 7   Next: 83%
MP  13/20        EV 13     Int 16      God:
Gold 325         SH  0     Dex 16      Spells:  3 memorised,  8 levels left

rFire  . . .     SeeInvis .     D - +0 battleaxe
rCold  . . .     Clarity  .     a - +0 robe
rNeg   . . .     Conserve .     (no shield)
rPois  .         rCorr    .     (helmet restricted)
rElec  .         rRot     .     l - +0 cloak
SustAb . .       Spirit   .     (no gloves)
rMut   .         Warding  .     (boots unavailable)
Saprov . . .     Stasis   .     (no amulet)
MR     .....                    (no ring)
                                x - ring of invisibility

@: not resistant to hostile enchantments, fairly stealthy
A: able to fly, beak, talons 3
a: Fly, Evoke Invisibility


You were on level 5 of the Dungeon.
You were not hungry.

You visited 1 branch of the dungeon, and saw 5 of its levels.

You collected 325 gold pieces.

Inventory:

Hand weapons
 k - a +0,+0 falchion
 B - a +0,+0 war axe
 D - a +0,+0 battleaxe (weapon)
Missiles
 e - a tomahawk
 i - 8 needles of confusion
 m - 13 bolts
 G - 2 poisoned javelins (quivered)
Armour
 a - a +0 robe (worn)
 l - a +0 cloak (worn)
 I - a +2 cloak
Magical devices
 v - a wand of magic darts (3)
 A - a wand of confusion (9)
Comestibles
 b - 5 bread rations
 h - 2 chunks of worm flesh
 r - a meat ration
 J - an orange
Scrolls
 d - 4 scrolls of remove curse
 j - 4 scrolls of teleportation
 n - 2 scrolls of fog {unknown}
 o - 2 scrolls of identify {unknown}
 s - 3 scrolls of random uselessness {unknown}
 t - a scroll of fear {unknown}
 y - a scroll of enchant armour {unknown}
 H - a scroll of noise {unknown}
Jewellery
 x - a ring of invisibility (left hand)
Potions
 f - a potion of curing {unknown}
 g - a potion of paralysis {unknown}
 q - a potion of flight {unknown}
 u - a potion of poison {unknown}
 w - a potion of might {unknown}
 z - 2 potions of brilliance {unknown}
 C - a potion of degeneration {unknown}
 E - a potion of berserk rage {unknown}
 F - a potion of heal wounds
Books
 c - a book of Conjurations

   Spells                             Type                      Level
   *Magic Dart                        Conjuration                  1
   *Searing Ray                       Conjuration                  2
   Dazzling Spray                     Conjuration/Hexes            3
   Fulminant Prism                    Conjuration/Hexes            4
   Iskenderun's Mystic Blast          Conjuration                  4
   *Iskenderun's Battlesphere         Conjuration/Charms           5


   Skills:
 - Level 2.1 Dodging
 - Level 2.0 Stealth
 - Level 5.0 Spellcasting
 + Level 9.5 Conjurations
 + Level 2.1 Charms


You had 8 spell levels left.
You knew the following spells:

 Your Spells              Type           Power        Failure   Level  Hunger
a - Magic Dart            Conj           ####         1%          1    None
b - Searing Ray           Conj           ####..       1%          2    #......
c - Iskenderun's Battles  Conj/Chrm      ###.....     38%         5    #####..


Dungeon Overview and Level Annotations

Branches:
Dungeon (5/15)
 Temple: D:4-7

Altars:
Nemelex Xobeh
Sif Muna
Trog

Annotations:
D:2 Sigmund
D:3 exclusion: upstairs


Innate Abilities, Weirdness & Mutations

You can fly.
You have a beak for a mouth.
You have claws for feet.


Message History

The ice beast is moderately wounded.
The searing ray hits the ice beast.
The ice beast is severely wounded.
The searing ray misses the ice beast.
The ice beast hits you. The ice beast freezes you!
One of your 2 potions of haste freezes and shatters!
Casting: Searing Ray
Confirm with . or Enter, or press ? or * to list all spells.
Aiming: Searing Ray
Press: ? - help, Shift-Dir - straight line, f/p - ice beast
Aim: an ice beast (severely wounded)
The searing ray hits the ice beast.
The ice beast is severely wounded.
The ice beast hits you. The ice beast freezes you!
One of your 2 brown potions freezes and shatters!
Your potion of haste freezes and shatters!
The searing ray hits the ice beast.
The ice beast is almost dead.
The ice beast hits you. The ice beast freezes you!
You die...

......<# ###.####
.......# #...)..#
##
.......###......#
.+
.......+.#......#
#.
.......#.#......#
..
.......#........#
I#
(......###......#
.# .......#
#.[....####.#
########
#......@I...#
#......######
########


You could see an ice beast.

Vanquished Creatures
  A wyvern (D:4)
  An ogre (D:5)
  Blork the orc (D:4)
  3 orc priests (D:4)
  A jelly (D:5)
  2 hounds
  An orc wizard (D:4)
  A worker ant (D:5)
  Natasha (twice) (D:4)
  A giant frog skeleton (D:4)
  Terence (D:2)
  4 gnolls (D:5)
  5 adders
  2 worms
  2 giant eyeballs
  4 giant geckos
  2 oozes
  12 orcs
  4 giant cockroaches
  10 hobgoblins
  7 kobolds
  5 quokkas
  A ball python (D:1)
  8 bats
  A giant cockroach zombie (D:4)
  A giant gecko skeleton (D:5)
  4 giant newts
  5 goblins
  2 kobold skeletons
  A quokka skeleton (D:4)
  5 rats
100 creatures vanquished.

Notes
Turn   | Place    | Note
--------------------------------------------------------------
     0 | D:1      | Psiweapon, the Tengu Conjurer, began the quest for the Orb.
     0 | D:1      | Reached XP level 1. HP: 10/10 MP: 3/3
   193 | D:1      | Reached XP level 2. HP: 15/15 MP: 1/5
   237 | D:1      | Learned a level 2 spell: Searing Ray
   861 | D:2      | Reached XP level 3. HP: 19/19 MP: 0/7
   958 | D:2      | Reached skill level 6 in Conjurations
   975 | D:2      | Noticed Terence
   999 | D:2      | Killed Terence
  1454 | D:2      | Noticed Sigmund
  1474 | D:3      | Reached XP level 4. HP: 22/24 MP: 7/10
  2144 | D:4      | Noticed Natasha
  2148 | D:4      | Killed Natasha
  2211 | D:4      | Reached XP level 5. HP: 28/28 MP: 5/13
  2298 | D:4      | Learned a level 5 spell: Iskenderun's Battlesphere
  2376 | D:4      | Reached skill level 7 in Conjurations
  2554 | D:4      | Found a bloodstained altar of Trog.
  2573 | D:4      | Noticed a wyvern
  2665 | D:4      | Killed a wyvern
  2665 | D:4      | Reached skill level 8 in Conjurations
  2665 | D:4      | Reached XP level 6. HP: 3/32 MP: 7/17
  2817 | D:4      | Found a deep blue altar of Sif Muna.
  2817 | D:4      | Found a sparkling altar of Nemelex Xobeh.
  2844 | D:4      | Noticed Blork the orc
  2851 | D:4      | Killed Blork the orc
  2953 | D:4      | Reached XP level 7. HP: 36/36 MP: 16/19
  2970 | D:4      | Reached skill level 5 in Spellcasting
  3165 | D:4      | Noticed Natasha
  3168 | D:4      | Killed Natasha
  3556 | D:4      | Paralysed by a giant eyeball for 4 turns
  3562 | D:4      | Paralysed by a giant eyeball for 3 turns
  3587 | D:5      | Entered Level 5 of the Dungeon
  3638 | D:5      | Reached skill level 9 in Conjurations
  3638 | D:5      | Reached skill level 1 in Charms
  4221 | D:5      | Slain by an ice beast

Action                   |  1- 3 |  4- 6 |  7- 9 || total
-------------------------+-------+-------+-------++-------
Melee: Hand axe          |    26 |     4 |       ||    30
       War axe           |       |    12 |       ||    12
       Battleaxe         |       |       |    22 ||    22
Throw: Javelin           |       |     4 |     3 ||     7
 Cast: Magic Dart        |    61 |    46 |    55 ||   162
       Searing Ray       |     1 |     5 |    11 ||    17
Evoke: Wand              |       |     1 |     3 ||     4
  Use: Potion            |       |     2 |       ||     2
       Scroll            |       |     1 |     1 ||     2
 Stab: Sleeping          |       |       |     2 ||     2
